 Dungeon Crawl Stone Soup version 0.31-a0-188-g5e087ee2ca (webtiles) character file.

Game seed: 3251089280404530520

585599 olmar the Shatterer (level 26, -14/218 HPs)
             Began as a Gnoll Warper on June 21, 2023.
             Was an Initiate of Gozag.
             Killed by the air
             ... invoked by a blizzard demon
             ... summoned by a dread lich
              (33 damage)
             ... on level 1 of the Realm of Zot on June 23, 2023.
             The game lasted 04:14:02 (104607 turns).

olmar the Shatterer (Gnoll Warper)                Turns: 104607, Time: 04:14:03

Health: -14/218    AC: 19    Str: 17    XL:     26   Next: 82%
Magic:  38/46      EV: 47    Int: 19    God:    Gozag
Gold:   8003       SH: 23    Dex: 30    Spells: 12/63 levels left

rFire   . . .        C - staff of the Final Chapter {Dex+8 SInv Conj}
rCold   + + +        j - +5 kite shield {reflect}
rNeg    . . .        J - +1 leather armour of Ennui {rElec rF+ Regen+ Slay-5}
rPois   +            y - +5 helmet of the Engineer {Harm Fly Dex+3}
rElec   +            i - +1 cloak
rCorr   .            H - +0 pair of fencer's gloves {Riposte Dex+3}
SInv    +            N - +0 pair of boots {rampage}
Will    +++..        Y - amulet "Zyragim" {Acrobat Harm rC+ Will+ Str+5}
Stlth   +++++++      (no ring)
HPRegen 1.36/turn    B - ring "Xisainga" {rPois rC++ Will+ Slay+4}
MPRegen 0.30/turn

%: harm (+45% outgoing, +30% incoming), reflection, acrobat, rampage
@: silenced (expiring), fire vulnerable, acrobatic, flying, hasted and slowed,
studying 3 skills, unable to read
A: fangs 1, strong nose, distributed training, agile 1, cold resistance 1, dopey
1, inability to read after injury 1
}: 4/15 runes: barnacled, slimy, silver, gossamer
a: Renounce Religion


You were on level 1 of the Realm of Zot.
You worshipped Gozag.
Gozag was greatly pleased with you.
You visited 12 branches of the dungeon, and saw 50 of its levels.
You visited the Abyss 1 time.
You also visited: Sewer, Bailey and Desolation.

You collected 27721 gold pieces.
You spent 6949 gold pieces at shops.
You paid 12769 gold pieces to Gozag.

Inventory:

Missiles
 d - 4 boomerangs of dispersal
 U - 3 silver boomerangs
Armour
 c - the +3 salamander hide armour {Flames, rFlCloud rF++ rC--}
   (You took it off a deep elf demonologist on level 3 of the Elven Halls)

   Flames:    It surrounds you with flame clouds and enhances your fire magic.
   rFlCloud:  It grants immunity to flame clouds.
   rF:        It greatly protects you from fire.
   rC:        It makes you very vulnerable to cold.
 i - a +1 cloak (worn)
 j - a +5 kite shield of reflection (worn)
 v - the +13 plate armour of the Barnacled God {rElec}
   (You found it in the Desolation of Salt)

   rElec:     It insulates you from electricity.
 y - the +5 helmet of the Engineer (worn) {Harm Fly Dex+3}
   (You found it on level 14 of the Dungeon)

   Dex:       It affects your dexterity (+3).
   Fly:       It grants you flight.
   Harm:      It increases damage dealt and taken.
 H - the +0 pair of fencer's gloves (worn) {Riposte Dex+3}
   (You bought it in a shop on level 4 of the Vaults)

   Riposte:   It allows the wearer to riposte with melee weapons, swiftly
   retaliating against missed or blocked melee attacks.
   Dex:       It affects your dexterity (+3).
 J - the +1 leather armour of Ennui (worn) {rElec rF+ Regen+ Slay-5}
   (You found it on level 9 of the Dungeon)

   Slay:      It affects your accuracy & damage with ranged weapons and melee
   (-5).
   rF:        It protects you from fire.
   rElec:     It insulates you from electricity.
   Regen:     It increases your rate of health regeneration.
 N - a +0 pair of boots of rampaging (worn)
Magical Staves
 r - the staff "Utsase" {rPois rC++ Fire Poison}
   (You found it on level 5 of the Vaults)

   [staff of poison]

   Base accuracy: +5 Base damage: 5 Base attack delay: 1.2 This weapon's minimum
   attack delay (0.6) is reached at skill level 12.
   rC:        It greatly protects you from cold.
   rPois:     It protects you from poison.
   Fire:      It increases the power of your Fire spells.
   Poison:    It increases the power of your Poison spells.
   It falls into the 'Staves' category.
   It is a one-handed weapon.
 C - the staff of the Final Chapter (weapon) {Dex+8 SInv Conj}
   (You found it on level 8 of the Dungeon)

   [staff of conjuration]

   Base accuracy: +5 Base damage: 5 Base attack delay: 1.2 This weapon's minimum
   attack delay (0.6) is reached at skill level 12.
   Dex:       It affects your dexterity (+8).
   SInv:      It lets you see invisible.
   Conj:      It increases the power of your Conjurations spells.
   It falls into the 'Staves' category.
   It is a one-handed weapon.
 O - a staff of earth
Jewellery
 g - the ring of Eneoly {Int+6 Stlth+}
   (You found it on level 13 of the Dungeon)

   [ring of intelligence]

   Int:       It affects your intelligence (+6).
   Stlth:     It makes you more stealthy.
 k - the amulet "Kel Poef" {Acrobat Contam rC+ Will+ Int+4}
   (You took it off an ogre mage on level 5 of the Vaults)

   [amulet of the acrobat]

   It increases your evasion while moving and waiting.
   Int:       It affects your intelligence (+4).
   rC:        It protects you from cold.
   Contam:    It causes magical contamination when unequipped.
   Will:      It increases your willpower.
 B - the ring "Xisainga" (right hand) {rPois rC++ Will+ Slay+4}
   (You bought it in a shop on level 3 of the Spider Nest)

   [ring of slaying]

   Slay:      It affects your accuracy & damage with ranged weapons and melee
   (+4).
   rC:        It greatly protects you from cold.
   rPois:     It protects you from poison.
   Will:      It increases your willpower.
 E - the ring of the Illusory Villages {rElec rC+ Str+6 Dex+4}
   (You found it in the Desolation of Salt)

   [ring of strength]

   Str:       It affects your strength (+6).
   Dex:       It affects your dexterity (+4).
   rC:        It protects you from cold.
   rElec:     It insulates you from electricity.
 M - the ring of Ruxaig {Str+6 Int+5 Dex+3 SInv}
   (You took it off a deep elf demonologist on level 3 of the Elven Halls)

   [ring of strength]

   Str:       It affects your strength (+6).
   Int:       It affects your intelligence (+5).
   Dex:       It affects your dexterity (+3).
   SInv:      It lets you see invisible.
 W - the ring "Zeigon" {rF+ Int+3}
   (You took it off a deep elf demonologist on level 3 of the Elven Halls)

   [ring of protection from fire]

   Int:       It affects your intelligence (+3).
   rF:        It protects you from fire.
 X - the ring of Pelauf {rElec rF+ Will+ rCorr}
   (You found it in the Desolation of Salt)

   [ring of resist corrosion]

   rF:        It protects you from fire.
   rElec:     It insulates you from electricity.
   rCorr:     It protects you from acid and corrosion.
   Will:      It increases your willpower.
 Y - the amulet "Zyragim" (around neck) {Acrobat Harm rC+ Will+ Str+5}
   (You bought it in a shop on level 1 of the Elven Halls)

   [amulet of the acrobat]

   It increases your evasion while moving and waiting.
   Str:       It affects your strength (+5).
   rC:        It protects you from cold.
   Harm:      It increases damage dealt and taken.
   Will:      It increases your willpower.
Wands
 m - a wand of light (30)
 o - a wand of roots (28)
 t - a wand of polymorph (4)
 L - a wand of digging (14)
 P - a wand of charming (47)
 T - a wand of flame (66)
Scrolls
 a - 3 scrolls of blinking
 e - a scroll of silence
 n - 12 scrolls of fog
 x - 3 scrolls of fear
 z - 4 scrolls of revelation
 Z - 2 scrolls of amnesia
Potions
 f - 4 potions of brilliance
 h - 4 potions of haste
 l - a potion of invisibility
 p - 13 potions of ambrosia
 q - 3 potions of cancellation
 s - 13 potions of attraction
 u - 6 potions of mutation
 w - 2 potions of curing
 A - 5 potions of lignification
 D - 2 potions of resistance
 I - a potion of magic
 K - 5 potions of berserk rage
 Q - 4 potions of might
 R - 6 potions of enlightenment
 S - 2 potions of heal wounds
Miscellaneous
 b - a box of beasts (inert)
 F - a phial of floods (inert)


   Skills:
 + Level 20.2 Fighting
 + Level 18.5 Short Blades
 + Level 18.5 Long Blades
 + Level 18.5 Axes
 + Level 22.8 Maces & Flails
 + Level 18.5 Polearms
 + Level 18.5 Staves
 + Level 18.5 Ranged Weapons
 + Level 18.6 Throwing
 + Level 18.6 Armour
 + Level 19.0 Dodging
 + Level 18.5 Stealth
 + Level 18.5 Shields
 + Level 18.5 Unarmed Combat
 + Level 19.0 Spellcasting
 + Level 15.7 Conjurations
 + Level 15.7 Hexes
 + Level 15.7 Summonings
 + Level 15.7 Necromancy
 + Level 16.6 Translocations
 + Level 15.7 Transmutations
 + Level 15.7 Fire Magic
 + Level 15.7 Ice Magic
 + Level 15.7 Air Magic
 + Level 15.7 Earth Magic
 + Level 15.7 Poison Magic
 + Level 20.0 Invocations
 + Level 19.9 Evocations


You had 12 spell levels left.
You knew the following spells:

 Your Spells              Type           Power      Damage    Failure   Level
a - Blink                 Tloc           100%       N/A       0%          2
b - Vhi's Electric Charg  Tloc/Air       100%       N/A       1%          3
c - Manifold Assault      Tloc           69%        N/A       1%          4
d - Gell's Gravitas       Tloc           69%        N/A       0%          3
e - Dazzling Flash        Conj/Hex       100%       N/A       1%          3
f - Freezing Cloud        Conj/Ice/Air   43%        6-21      1%          5
g - Fulminant Prism       Conj/Hex       43%        3d19      1%          4
h - Statue Form           Tmut/Erth      44%        N/A       1%          6
i - Lee's Rapid Deconstr  Erth           33%        3d17*     1%          5
j - Fireball              Conj/Fire      43%        3d17      1%          5
k - Iskenderun's Battles  Conj           87%        2d13      1%          5
l - Starburst             Conj/Fire      43%        6d12      1%          6

Your spell library contained the following spells:

 Spells                   Type           Power      Damage    Failure   Level
 Beastly Appendage        Tmut           100%       N/A       0%          1
 Magic Dart               Conj           100%       1d8       0%          1
 Sandblast                Erth           100%       2d20      0%          1
 Shock                    Conj/Air       100%       1d9       0%          1
 Slow                     Hex            100%       N/A       0%          1
 Cigotuvi's Dreadful Rot  Necr/Pois/Air  100%       N/A       0%          2
 Ensorcelled Hibernation  Hex/Ice        100%       N/A       0%          2
 Lesser Beckoning         Tloc           100%       N/A       0%          2
 Passwall                 Tmut/Erth      55%        N/A       0%          2
 Poisonous Vapours        Pois/Air       100%       N/A       0%          2
 Scorch                   Fire           100%       2d9       0%          2
 Searing Ray              Conj           100%       2d8       0%          2
 Wereblood                Tmut           67%        N/A       0%          2
 Teleport Other           Tloc           69%        N/A       0%          3
 Confusing Touch          Hex            67%        N/A       1%          3
 Hailstorm                Conj/Ice       87%        3d17      1%          3
 Ignite Poison            Fire/Tmut/Pois 67%        N/A       1%          3
 Inner Flame              Hex/Fire       67%        N/A       1%          3
 Mephitic Cloud           Conj/Pois/Air  87%        N/A       1%          3
 Ozocubu's Armour         Ice            67%        N/A       1%          3
 Spider Form              Tmut/Pois      67%        N/A       1%          3
 Stone Arrow              Conj/Erth      100%       3d13      1%          3
 Summon Guardian Golem    Hex/Summ       67%        N/A       1%          3
 Swiftness                Air            67%        N/A       1%          3
 Vampiric Draining        Necr           67%        2d10      1%          3
 Volatile Blastmotes      Fire/Tloc      100%       2d18      1%          3
 Airstrike                Air            33%        2d(5-21)  1%          4
 Anguish                  Hex/Necr       33%        N/A       1%          4
 Animate Armour           Summ/Erth      100%       N/A       1%          4
 Cause Fear               Hex            33%        N/A       1%          4
 Ice Form                 Ice/Tmut       67%        N/A       1%          4
 Iskenderun's Mystic Bla  Conj/Tloc      88%        2d17      1%          4
 Leda's Liquefaction      Hex/Erth       33%        N/A       1%          4
 Olgreb's Toxic Radiance  Pois           67%        N/A       1%          4
 Passage of Golubria      Tloc           69%        N/A       1%          4
 Summon Lightning Spire   Summ/Air       67%        N/A       1%          4
 Agony                    Necr           67%        N/A       1%          5
 Alistair's Intoxication  Tmut/Pois      44%        N/A       1%          5
 Arcjolt                  Conj/Air       43%        1d53      1%          5
 Blade Hands              Tmut           33%        N/A       1%          5
 Borgnjor's Vile Clutch   Necr/Erth      33%        N/A       1%          5
 Silence                  Hex/Air        33%        N/A       1%          5
 Summon Forest            Summ/Tloc      34%        N/A       1%          5
 Yara's Violent Unravell  Hex/Tmut       33%        3d14      1%          5
 Conjure Ball Lightning   Conj/Air       43%        3x3d15    1%          6
 Dispersal                Tloc           34%        N/A       1%          6
 Eringya's Noxious Bog    Tmut/Pois      33%        N/A       1%          6
 Leda's Unmaking          Conj/Erth      43%        9d7       1%          6
 Plasma Beam              Fire/Air       33%        2x1d46    1%          6
 Dragon Form              Tmut           33%        N/A       6%          7
 Enfeeble                 Hex            33%        N/A       6%          7
 Haunt                    Necr/Summ      33%        N/A       6%          7
 Monstrous Menagerie      Summ           33%        N/A       6%          7
 Orb of Destruction       Conj           43%        9d12      6%          7
 Ozocubu's Refrigeration  Ice            33%        4d14      6%          7
 Spellforged Servitor     Conj/Summ      43%        N/A       6%          7
 Summon Hydra             Summ           33%        N/A       6%          7
 Disjunction              Tloc           34%        N/A       34%         8
 Borgnjor's Revivificati  Necr           33%        N/A       43%         8
 Discord                  Hex            33%        N/A       43%         8
 Ignition                 Fire           33%        3d10      43%         8
 Lehudib's Crystal Spear  Conj/Erth      43%        10d11     43%         8
 Necromutation            Tmut/Necr      33%        N/A       43%         8
 Chain Lightning          Conj/Air       43%        3d58      100%        9
 Death's Door             Necr           33%        N/A       100%        9
 Dragon's Call            Summ           33%        N/A       100%        9
 Fire Storm               Conj/Fire      43%        8d11      100%        9
 Shatter                  Erth           33%        3d27*     100%        9
 Simulacrum               Ice/Necr       Unusable   N/A       N/A         6

Dungeon Overview and Level Annotations

Branches:
Dungeon (15/15)            Temple (1/1) D:5            Lair (5/5) D:9
 Shoals (4/4) Lair:3       Spider (4/4) Lair:2        Slime (5/5) Lair:5
    Orc (2/2) D:11            Elf (3/3) Orc:2        Vaults (5/5) D:14
  Crypt (0/3) Vaults:3     Depths (4/4) D:15           Hell (visited)
    Zot (1/5) Depths:4      Sewer (visited)          Bailey (visited)
Desolation (visited)
    Dis: Hell:1         Geh: Hell:1         Coc: Hell:1         Tar: Hell:1

Altars:
Ashenzari
Cheibriados
Dithmenos
Elyvilon
Fedhas
Gozag
Hepliaklqana
Kikubaaqudgha
Makhleb
Nemelex Xobeh
Okawaru
Qazlal
Ru
Sif Muna
Trog
Uskayaw
Vehumet
Wu Jian
Xom
Yredelemnul
Zin
The Shining One
Jiyva

Shops:
D:2 !   D:5 [   D:11 (   D:15 !   Orc:2 *=?(   Elf:1 *!   Elf:2 ***
Shoals:2 *:=(   Shoals:3 *   Spider:3 =   Vaults:1 *[:[   Vaults:2 ((
Vaults:3 :   Vaults:4 *[[   Depths:1 ?   Depths:2 [:

Portals:
Hell: Lair:5 Depths:1 Depths:2 Depths:3 Depths:4
Abyss: Depths:2 Depths:3
Pandemonium: Orc:2 Depths:2 Depths:3
Ziggurat: Depths:2

Annotations:
Shoals:2 2 transporters, exclusion: orange crystal statue
Elf:2 2 transporters, Onnujuk's ghost, veteran MiBe


Innate Abilities, Weirdness & Mutations

You have very sharp teeth.
Your uncanny sense of smell can sniff out nearby items.
Your experience applies equally to all skills.
You are agile. (Dex +4, Str/Int -1)
Your flesh is cold resistant. (rC+)
You are dopey. (Int -2)
You occasionally lose the ability to read scrolls when taking damage.


Message History

You hit the death cob but do no damage.
The death cob is severely damaged.
The death cob is engulfed in freezing vapours.
You block the death cob's attack.
The death cob is engulfed in freezing vapours. x2
The death cob hits you!! The death cob drains your vigour!
You feel as though you will be slow longer.
The death cob is engulfed in freezing vapours.
The death cob barely misses you.
The Killer Klown is engulfed in freezing vapours.
The death cob is engulfed in freezing vapours. x2
You block the death cob's attack.
The death cob is engulfed in freezing vapours.
The death cob hits you. The death cob drains your vigour!
You feel as though you will be slow longer.
The dread lich mumbles some strange words.
The Killer Klown is engulfed in freezing vapours.
The Killer Klown defenestrates you with a +12 club!!
* * * LOW HITPOINT WARNING * * *
The death cob is engulfed in freezing vapours.
The Killer Klown blinks! x2
The death cob is engulfed in freezing vapours. x2
The death cob completely misses you. The death cob attacks as you move away!
You block the death cob's attack. The death cob attacks as you move away!
The death cob hits you!!
* * * LOW HITPOINT WARNING * * *
The death cob drains your vigour!
You feel as though you will be slow longer.
The death cob is engulfed in freezing vapours. x2
The Killer Klown is engulfed in freezing vapours.
You block the death cob's attack.
You riposte.
You closely miss the death cob.
The death cob is heavily damaged.
You block the Killer Klown's attack.
The death cob is engulfed in freezing vapours.
The green draconian is engulfed in freezing vapours.
The blizzard demon waves its arms in wide circles.
The air twists around and strikes you!!
You feel threatened and lose the ability to read scrolls!
You die...
Your body crumbles into a pile of gold.

##... ....# ..
##..#.##...##....
###...........#...##
#...................
....#######........ #
∆.###.#.#.###...... ..
###...^§L.###.....
...##.....§§zzzp##....
$ ##.....2§§§p@^.##
..##..8...§d§.8..##...
.##§.....##§§.....##.⌠
.#q........§§...2.##
##....#...§.#..d....
.#...⌠§#.....#.8......
.##....#.....#........
#..d...#...#.....##..
.##......###.z..


You could see 2 Killer Klowns, a dread lich (invisible), a green draconian, a
red draconian, 3 death cobs, a blizzard demon (summoned) and a shadow demon
(summoned).

Vanquished Creatures
  the Royal Jelly (Slime:5)
  Mara (Spider:3)
  Mennas (Vaults:5)
  3 royal mummies (Depths:2)
  Margery (Vaults:3)
  Saint Roka (Elf:2)
  4 caustic shrikes (Depths:4)
  the Enchantress (Depths:3)
  Geryon (Hell)
  3 golden dragons
  2 bone dragons (Depths:4)
  Rupert (Orc:2)
  2 tentacled monstrosities (Vaults:5)
  5 titans
  A quicksilver dragon (Vaults:5)
  3 deep elf blademasters (Elf:3)
  19 acid blobs
  4 liches
  Asterion (Elf:2)
  2 deep elf master archers (Elf:3)
  2 tentacled starspawn (Abyss:1)
  8 storm dragons
  Frances (D:14)
  4 sphinxes
  Donald (Shoals:2)
  5 tengu reavers
  A shadow dragon (shapeshifter) (D:14)
  Agnes (Elf:2)
  Roxanne (Elf:2)
  A shadow dragon (Vaults:5)
  8 rockslimes
  13 frost giants
  5 ghost moths
  10 fire giants
  9 azure jellies
  3 iron dragons
  25 vault wardens
  4 imperial myrmidons (Desolation)
  6 deep elf sorcerers
  5 orc warlords
  A draconian shifter (Abyss:2)
  11 emperor scorpions
  A draconian scorcher (Depths:4)
  4 deep elf elementalists
  4 spriggan defenders (Depths:3)
  9 quicksilver oozes
  A broodmother (Spider:3)
  19 very ugly things
  A draconian annihilator (Depths:4)
  17 ironbound preservers
  6 caustic shrike skeletons (Depths:3)
  15 stone giants
  A lorocyproca (Depths:1)
  7 war gargoyles
  5 ironbound thunderhulks
  A halazid warlock (Desolation)
  4 deep elf demonologists
  4 dire elephants
  10 formless jellyfish
  2 spark wasps (Spider:3)
  2 black draconians (Depths:4)
  A yellow draconian (Depths:4)
  11 deep elf annihilators
  Snorg (Lair:3)
  7 deep elf death magi
  9 ettins
  8 merfolk impalers
  A green death (Vaults:3)
  2 mummy priests (Depths:2)
  3 merfolk javelineers (Shoals:4)
  17 yaktaur captains
  10 entropy weavers
  2 crystal guardians (Desolation)
  5 ragged hierophants (Desolation)
  10 great orbs of eyes
  6 ice dragons
  35 vault guards
  4 deep elf high priests
  7 rakshasas
  2 juggernaut simulacra (Depths:1)
  7 fire dragons
  5 servants of whispers (Desolation)
  Fannar (D:11)
  13 peacekeepers
  7 ironbound frosthearts
  11 hydras
  A hell beast (Lair:5)
  7 spriggan air magi
  A catoblepas (Lair:5)
  5 jorogumos
  A merfolk aquamancer (Shoals:4)
  2 alligator snapping turtles
  21 centaur warriors
  A demonspawn (Orc:2)
  3 radroaches
  2 death knights (Vaults:3)
  An anaconda (Depths:3)
  11 boulder beetles
  3 two-headed ogres
  2 satyrs
  4 deep troll shamans
  A tengu warrior (Depths:2)
  20 death yaks
  4 merfolk avatars
  5 ogre magi
  A naga warrior (Abyss:1)
  28 dancing weapons
  The ghost of liarliar the Unseen, a journeyman SpEn of Okawaru (Lair:3)
  4 demonic crawlers
  4 thrashing horrors
  9 deep troll earth magi
  5 hell hogs (Hell)
  10 orc high priests
  19 hell knights
  24 deep elf knights
  A soul eater (Hell)
  2 sun demons
  6 spriggan berserkers
  A shadow wraith (Abyss:1)
  6 wretched stars
  2 sixfirhies (Abyss:1)
  4 skysharks
  A salamander mystic (Depths:4)
  6 pharaoh ants
  10 iron trolls
  A golden dragon zombie (Depths:2)
  14 sea snakes
  7 spriggan druids (Depths:3)
  3 flayed ghosts
  5 glowing orange brains
  66 deep trolls
  A glowing orange brain (shapeshifter) (Vaults:4)
  5 orb spiders
  10 deep elf archers
  6 phantasmal warriors
  26 ironbound convokers
  6 lindwurms
  A kraken simulacrum (Shoals:4)
  13 harpies
  26 starcursed masses
  A tengu zombie (Depths:2)
  9 wizards
  6 steelbarb worms
  12 necromancers
  13 orc knights
  33 deep elf pyromancers
  29 deep elf zephyrmancers
  19 manticores
  A mana viper (Abyss:2)
  A worldbinder (Abyss:1)
  40 ugly things
  8 large abominations
  A shining eye (shapeshifter) (Depths:4)
  11 orc sorcerers
  A fire giant zombie (Depths:1)
  8 cyclopes
  14 wolf spiders
  A mana viper (shapeshifter) (D:15)
  3 moths of wrath (Spider:3)
  3 shining eyes
  9 fauns
  23 elephants
  A moth of wrath (shapeshifter) (Vaults:3)
  3 salamanders (Depths:4)
  An eye of devastation (shapeshifter) (Vaults:5)
  A human skeleton (Vaults:4)
  6 black mambas
  5 guardian serpents
  23 vault sentinels
  A fire giant skeleton (Depths:1)
  13 merfolk sirens
  2 molten gargoyles (Desolation)
  The ghost of IYTBazzie the Chucker, a novice TrEn of Hepliaklqana (D:5)
  An apocalypse crab (Abyss:1)
  An eye of devastation (Slime:5)
  A titan simulacrum (Vaults:4)
  A smoke demon (Lair:5)
  A naga mage (Abyss:1)
  A spriggan zombie (Depths:1)
  3 water nymphs
  4 orange demons
  2 unseen horrors
  5 torpor snails
  19 cane toads
  An elf skeleton (Vaults:4)
  5 rime drakes
  9 komodo dragons
  5 freezing wraiths
  A kobold demonologist (Bailey)
  3 ice devils
  2 ancient zymes (Abyss:1)
  56 yaktaurs
  4 tengu conjurers
  7 wind drakes
  6 polar bears
  A red devil (Orc:2)
  5 trolls
  A tarantella (shapeshifter) (Depths:1)
  6 meliai
  16 tarantellas
  16 hornets
  21 merfolk
  10 blink frogs
  5 raiju (Abyss:2)
  15 dream sheep
  55 saltlings (Desolation)
  12 snapping turtles
  31 jumping spiders
  Sigmund (D:6)
  100 slime creatures
  2 stone giant simulacra (Depths:1)
  A flying skull (Abyss:1)
  3 air elementals
  18 culicivoras
  2 shadows
  5 wraiths
  5 wyverns
  14 water elementals
  A vampire (Abyss:2)
  41 spriggans (Depths:3)
  A spriggan skeleton (Depths:1)
  3 ynoxinuls
  3 small abominations
  A fire bat (D:8)
  7 basilisks
  39 yaks
  2 fire elementals
  59 redbacks
  16 golden eyes
  2 neqoxecs
  A chaos spawn (Abyss:2)
  10 vampire mosquitoes
  8 wargs
  15 water moccasins
  A swamp drake (D:9)
  A floating eye (shapeshifter) (D:14)
  4 hell hounds (Lair:5)
  A floating eye (Slime:3)
  3 ice beasts
  2 sky beasts
  3 black bears
  45 orc warriors
  Pargi (Sewer)
  A sky beast (shapeshifter) (Abyss:1)
  23 ogres
  3 boggarts (D:15)
  16 centaurs
  4 wolves (Lair:1)
  A phantom (D:4)
  2 gnoll sergeants
  13 bullfrogs
  8 scorpions
  6 earth elementals
  3 wights (D:7)
  A hornet simulacrum (D:15)
  A killer bee (Bailey)
  7 howler monkeys
  14 electric eels
  4 quasits
  7 jellies
  2 hounds
  21 orc priests
  An iron imp (Abyss:1)
  5 hell rats
  5 iguanas
  A sleepcap (D:6)
  16 orc wizards
  17 gnolls
  5 adders
  A river rat (D:5)
  A shadow imp (D:5)
  A white imp (Abyss:1)
  2 ufetubi (Abyss:2)
  3 dart slugs
  78 orcs
  4 endoplasms
  5 giant cockroaches
  8 goblins
  11 hobgoblins
  A jackal (Sewer)
  A kobold (D:4)
  3 quokkas
  7 ball pythons
  A bat (D:3)
  3 frilled lizards
  A rat (D:1)
  A butterfly (Lair:1)
  A lurking horror (Abyss:1)
  A starspawn tentacle (Abyss:1)
2286 creatures vanquished.

Vanquished Creatures (collateral kills)
  A deep elf annihilator (Elf:1)
  A deep elf high priest (Elf:3)
  A skyshark (Shoals:2)
  A deep elf zephyrmancer (Elf:1)
  A cyclops (D:14)
  A vault sentinel (Vaults:5)
  An elephant (Lair:1)
  A large abomination (Abyss:2)
  A jumping spider (Spider:3)
  A water moccasin (Lair:1)
10 creatures vanquished.

Vanquished Creatures (others)
  2 vault wardens
  A deep elf knight (Elf:1)
  A komodo dragon (Lair:1)
  2 orc warriors
  A quasit (Abyss:2)
  59 fulminant prisms
  A starspawn tentacle (Abyss:1)
  8 tentacles (Shoals:4)
75 creatures vanquished.

Grand Total: 2371 creatures vanquished

Notes
Turn   | Place    | Note
-------+----------+-------------------------------------------
     0 | D:1      | olmar the Gnoll Warper began the quest for the Orb.
     0 | D:1      | Reached XP level 1. HP: 20/20 MP: 6/6
   538 | D:2      | Reached XP level 2. HP: 26/26 MP: 7/7
   727 | D:2      | Found Fosmaj's Distillery.
   737 | D:2      | Reached skill level 5 in Spellcasting
   737 | D:2      | Reached XP level 3. HP: 31/31 MP: 7/9
   744 | D:2      | Learned a level 2 spell: Blink
   748 | D:2      | Learned a level 3 spell: Vhi's Electric Charge
   759 | D:2      | Bought a potion of curing for 42 gold pieces
  1075 | D:3      | Found a glowing golden altar of the Shining One.
  1085 | D:3      | Reached skill level 1 in Invocations
  1117 | D:3      | Reached skill level 1 in Short Blades
  1117 | D:3      | Reached skill level 1 in Long Blades
  1117 | D:3      | Reached skill level 1 in Axes
  1117 | D:3      | Reached skill level 1 in Polearms
  1117 | D:3      | Reached skill level 1 in Staves
  1117 | D:3      | Reached skill level 1 in Ranged Weapons
  1117 | D:3      | Reached skill level 1 in Stealth
  1117 | D:3      | Reached skill level 1 in Shields
  1117 | D:3      | Reached skill level 1 in Unarmed Combat
  1117 | D:3      | Reached skill level 1 in Evocations
  1117 | D:3      | Reached XP level 4. HP: 18/38 MP: 11/11
  1197 | D:3      | Learned a level 4 spell: Manifold Assault
  1298 | D:3      | Learned a level 3 spell: Gell's Gravitas
  1298 | D:3      | Found a shimmering blue altar of Sif Muna.
  1469 | D:4      | Reached skill level 1 in Conjurations
  1469 | D:4      | Reached skill level 1 in Hexes
  1469 | D:4      | Reached skill level 1 in Summonings
  1469 | D:4      | Reached skill level 1 in Necromancy
  1469 | D:4      | Reached skill level 1 in Transmutations
  1469 | D:4      | Reached skill level 1 in Fire Magic
  1469 | D:4      | Reached skill level 1 in Ice Magic
  1469 | D:4      | Reached skill level 1 in Air Magic
  1469 | D:4      | Reached skill level 1 in Earth Magic
  1469 | D:4      | Reached skill level 1 in Poison Magic
  1879 | D:4      | Noticed a phantom
  1893 | D:3      | Reached XP level 5. HP: 16/43 MP: 12/12
  2197 | D:4      | Identified the +5 dagger "Conodipo" {flame, rPois Str+3}
  2695 | D:4      | Reached XP level 6. HP: 50/50 MP: 10/14
  2733 | D:4      | Reached skill level 5 in Fighting
  2733 | D:4      | Reached skill level 5 in Maces & Flails
  2733 | D:4      | Reached skill level 5 in Dodging
  2980 | D:5      | Entered Level 5 of the Dungeon
  2983 | D:5      | Found an ancient bone altar of Kikubaaqudgha.
  3008 | D:5      | Found a runed translucent door.
  3011 | D:5      | Noticed IYTBazzie's ghost (novice TrEn)
  3043 | D:5      | Found Zihacoch's Armour Shop.
  3068 | D:5      | Found a staircase to the Ecumenical Temple.
  3122 | D:5      | Found a runed translucent door.
  3171 | Temple   | Entered the Ecumenical Temple
  3620 | D:5      | Reached XP level 7. HP: 39/56 MP: 1/15
  4114 | D:5      | Reached XP level 8. HP: 63/63 MP: 12/16
  4842 | D:6      | Found a glowing silver altar of Zin.
  4842 | D:6      | Noticed a yak
  4842 | D:6      | Noticed a yak
  4843 | D:6      | Found an opulent altar of Gozag.
  4843 | D:6      | Noticed a yak
  4843 | D:6      | Noticed a yak
  4843 | D:6      | Noticed a yak
  4843 | D:6      | Noticed a yak
  4855 | D:6      | Killed a yak
  4859 | D:6      | Killed a yak
  4860 | D:6      | Reached skill level 6 in Maces & Flails
  4863 | D:6      | Killed a yak
  4874 | D:6      | Killed a yak
  4875 | D:6      | Reached XP level 9. HP: 47/69 MP: 3/18
  4886 | D:6      | Reached skill level 5 in Throwing
  4886 | D:6      | Reached skill level 5 in Armour
  4898 | D:6      | Became a worshipper of Gozag Ym Sagoz the Greedy
  5072 | D:6      | Found a glowing drain.
  5091 | Sewer    | Entered a sewer
  5149 | Sewer    | Noticed Pargi
  5164 | Sewer    | Killed Pargi
  5558 | D:6      | Noticed Sigmund
  5566 | D:6      | Killed Sigmund
  5567 | D:6      | Reached skill level 5 in Invocations
  6566 | D:7      | Reached skill level 5 in Short Blades
  6566 | D:7      | Reached skill level 5 in Long Blades
  6566 | D:7      | Reached skill level 5 in Axes
  6566 | D:7      | Reached skill level 5 in Polearms
  6566 | D:7      | Reached skill level 5 in Staves
  6566 | D:7      | Reached skill level 5 in Ranged Weapons
  6566 | D:7      | Reached skill level 5 in Stealth
  6566 | D:7      | Reached skill level 5 in Shields
  6566 | D:7      | Reached skill level 5 in Unarmed Combat
  6566 | D:7      | Reached skill level 5 in Evocations
  6566 | D:7      | Reached XP level 10. HP: 70/77 MP: 20/20
  6916 | D:8      | Identified the staff of the Final Chapter {Dex+8 SInv Conj}
  7300 | D:8      | Reached skill level 7 in Maces & Flails
  7542 | D:9      | Found a bloodstained altar of Trog.
  8161 | D:9      | Identified the +1 leather armour of Ennui {rElec rF+ Regen+
                  | Slay-5}
  8440 | D:9      | Found a staircase to the Lair.
  9017 | D:10     | Entered Level 10 of the Dungeon
  9294 | D:10     | Found a flagged portal.
  9311 | Bailey   | Entered a bailey
  9565 | Bailey   | Noticed an orc knight
  9650 | Bailey   | Killed an orc knight
  9819 | Bailey   | Noticed a kobold demonologist
  9863 | Bailey   | Noticed a rust devil
  9868 | Bailey   | a kobold demonologist changed into a killer bee
 10070 | Bailey   | Found an iron altar of Okawaru.
 10119 | Bailey   | Noticed a kobold demonologist
 10131 | Bailey   | Noticed a sixfirhy
 10137 | Bailey   | Killed a kobold demonologist
 10700 | D:10     | Acquired 934 gold pieces
 10941 | D:10     | Found a blossoming altar of Fedhas.
 11604 | D:10     | Found a snail-covered altar of Cheibriados.
 11663 | D:10     | Found a shadowy altar of Dithmenos.
 11690 | D:11     | Noticed Urug
 11802 | D:11     | Noticed a two-headed ogre
 11829 | D:11     | Killed a two-headed ogre
 11830 | D:11     | Reached skill level 5 in Conjurations
 11830 | D:11     | Reached skill level 5 in Hexes
 11830 | D:11     | Reached skill level 5 in Summonings
 11830 | D:11     | Reached skill level 5 in Necromancy
 11830 | D:11     | Reached skill level 5 in Transmutations
 11830 | D:11     | Reached skill level 5 in Fire Magic
 11830 | D:11     | Reached skill level 5 in Ice Magic
 11830 | D:11     | Reached skill level 5 in Air Magic
 11830 | D:11     | Reached skill level 5 in Earth Magic
 11830 | D:11     | Reached skill level 5 in Poison Magic
 11830 | D:11     | Reached XP level 11. HP: 42/85 MP: 15/23
 11944 | D:11     | Found a staircase to the Orcish Mines.
 12250 | D:11     | Noticed a two-headed ogre
 12396 | Lair:1   | Entered Level 1 of the Lair of Beasts
 12399 | Lair:1   | Reached skill level 8 in Maces & Flails
 13090 | Lair:1   | Found a transporter.
 13092 | Lair:1   | Found a transporter.
 13094 | Lair:1   | Noticed a boulder beetle
 13189 | Lair:1   | Reached XP level 12. HP: 73/94 MP: 24/24
 14006 | D:11     | You fall into a shaft and drop 3 floors!
 14014 | D:14     | Noticed Frances
 14118 | D:14     | Noticed a two-headed ogre
 14131 | D:15     | Entered Level 15 of the Dungeon
 14178 | D:15     | Bought a potion of ambrosia for 88 gold pieces
 14178 | D:15     | Bought 2 potions of ambrosia for 176 gold pieces
 14178 | D:15     | Bought a potion of curing for 33 gold pieces
 14178 | D:15     | Bought a potion of curing for 33 gold pieces
 14178 | D:15     | Bought a potion of might for 44 gold pieces
 14178 | D:15     | Bought a potion of haste for 110 gold pieces
 14178 | D:15     | Bought a potion of enlightenment for 55 gold pieces
 14178 | D:15     | Bought a potion of attraction for 33 gold pieces
 14180 | D:15     | Noticed a centaur warrior
 14198 | D:15     | Killed a centaur warrior
 14213 | D:14     | Noticed a five-headed hydra
 14706 | D:11     | Noticed Lodul
 14813 | Lair:1   | Reached skill level 9 in Maces & Flails
 15164 | Lair:2   | Noticed a boulder beetle
 15284 | Lair:2   | Noticed a six-headed hydra
 15570 | D:11     | Lodul changed into Lodul the hornet
 15570 | D:11     | Noticed Lodul
 15578 | D:11     | Killed Lodul the hornet
 15596 | D:10     | Urug changed into Urug the hornet
 15596 | D:10     | Noticed Urug
 15614 | D:10     | Killed Urug the hornet
 16031 | D:11     | Killed a two-headed ogre
 16074 | Orc:1    | Entered Level 1 of the Orcish Mines
 16075 | Orc:1    | Noticed an orc high priest
 16086 | Orc:1    | Noticed a soul eater
 16168 | D:11     | Learned a level 3 spell: Dazzling Flash
 16207 | D:11     | Reached XP level 13. HP: 101/101 MP: 5/26
 16331 | D:11     | HP: 4/96 [sun demon[an orc sorcerer] (9)]
 16695 | D:11     | Noticed Fannar
 16831 | D:11     | HP: 5/101 [Fannar/bolt of cold (34)]
 17232 | Lair:2   | Found a hole to the Spider Nest.
 17980 | Lair:1   | Learned a level 5 spell: Freezing Cloud
 18122 | Lair:2   | Reached skill level 10 in Spellcasting
 18857 | Lair:3   | Noticed Snorg
 18869 | Lair:3   | Killed Snorg
 19028 | Lair:3   | Found a staircase to the Shoals.
 19033 | Lair:3   | Reached skill level 10 in Fighting
 19033 | Lair:3   | Reached skill level 10 in Maces & Flails
 19033 | Lair:3   | Reached skill level 10 in Dodging
 19190 | Lair:3   | Noticed liarliar's ghost (journeyman SpEn)
 19217 | Lair:3   | Found a transporter.
 19738 | Lair:3   | Found a transporter.
 20109 | Lair:3   | Reached skill level 10 in Invocations
 20109 | Lair:3   | Reached XP level 14. HP: 110/110 MP: 8/28
 20745 | Lair:5   | Entered Level 5 of the Lair of Beasts
 22077 | Lair:4   | Found a basalt altar of Yredelemnul.
 22559 | Lair:4   | Reached skill level 10 in Throwing
 22559 | Lair:4   | Reached skill level 10 in Armour
 24341 | Lair:4   | Reached skill level 10 in Translocations
 25213 | Lair:5   | Found a viscous altar of Jiyva.
 25214 | Lair:5   | Found a staircase to the Slime Pits.
 25279 | Lair:5   | Reached skill level 11 in Maces & Flails
 25398 | Lair:5   | Reached skill level 10 in Short Blades
 25398 | Lair:5   | Reached skill level 10 in Long Blades
 25398 | Lair:5   | Reached skill level 10 in Axes
 25398 | Lair:5   | Reached skill level 10 in Polearms
 25398 | Lair:5   | Reached skill level 10 in Staves
 25398 | Lair:5   | Reached skill level 10 in Ranged Weapons
 25398 | Lair:5   | Reached skill level 10 in Stealth
 25398 | Lair:5   | Reached skill level 10 in Shields
 25398 | Lair:5   | Reached skill level 10 in Unarmed Combat
 25398 | Lair:5   | Reached skill level 10 in Evocations
 26029 | Lair:5   | Reached XP level 15. HP: 102/118 MP: 9/30
 27050 | Lair:5   | Learned a level 4 spell: Fulminant Prism
 27550 | Lair:5   | Found a burning altar of Makhleb.
 27558 | Lair:5   | Found a gateway to Hell.
 28742 | D:11     | Killed Fannar
 29153 | Orc:1    | Noticed an orc warlord
 30494 | D:11     | Killed an orc warlord
 30968 | Orc:2    | Entered Level 2 of the Orcish Mines
 31507 | Orc:2    | Noticed an orc warlord
 31730 | Orc:2    | Killed an orc warlord
 31922 | Orc:2    | Found Padoghov's General Store.
 32327 | Orc:2    | Found Vaug's Magic Scroll Boutique.
 32333 | Orc:2    | Gained mutation: You are clumsy. (Dex -2) [a neqoxec]
 32760 | Orc:2    | Bought a scroll of identify for 34 gold pieces
 32760 | Orc:2    | Bought a scroll of identify for 34 gold pieces
 32760 | Orc:2    | Bought a scroll of blinking for 127 gold pieces
 32760 | Orc:2    | Bought a scroll of poison for 68 gold pieces
 32760 | Orc:2    | Bought a scroll of torment for 161 gold pieces
 32760 | Orc:2    | Bought a scroll of teleportation for 51 gold pieces
 32815 | Orc:2    | Found a staircase to the Elven Halls.
 32925 | Orc:2    | Noticed Rupert
 32964 | Orc:1    | Found a burning altar of Makhleb.
 33863 | D:13     | Identified the ring of Eneoly {Int+6 Stlth+}
 34711 | D:14     | Killed Frances
 34740 | D:14     | Reached XP level 16. HP: 47/127 MP: 28/32
 35262 | D:14     | Found a gate to the Vaults.
 35322 | D:14     | Noticed a shadow dragon
 35346 | D:14     | Killed a shadow dragon
 35366 | D:14     | Identified the +5 helmet of the Engineer {Harm Fly Dex+3}
 35524 | D:15     | Found a stormy altar of Qazlal.
 35975 | D:15     | Reached skill level 12 in Maces & Flails
 36890 | D:15     | Found a staircase to the Depths.
 37356 | Orc:2    | Killed Rupert
 38113 | Orc:2    | Paralysed by an orc sorcerer for 3 turns
 38514 | Orc:2    | Found Ycecegg's Antique Weapon Emporium.
 38514 | Orc:2    | Found Riummirchi's Jewellery Shoppe.
 38514 | Orc:2    | Found a one-way gate leading to the halls of Pandemonium.
 38644 | Elf:1    | Entered Level 1 of the Elven Halls
 39485 | Elf:1    | Reached XP level 17. HP: 105/135 MP: 9/33
 39692 | Elf:1    | Paralysed by an air elemental for 1 turns
 40102 | Elf:1    | Reached skill level 10 in Conjurations
 40102 | Elf:1    | Reached skill level 10 in Hexes
 40102 | Elf:1    | Reached skill level 10 in Summonings
 40102 | Elf:1    | Reached skill level 10 in Necromancy
 40102 | Elf:1    | Reached skill level 10 in Transmutations
 40102 | Elf:1    | Reached skill level 10 in Fire Magic
 40102 | Elf:1    | Reached skill level 10 in Ice Magic
 40102 | Elf:1    | Reached skill level 10 in Air Magic
 40102 | Elf:1    | Reached skill level 10 in Earth Magic
 40102 | Elf:1    | Reached skill level 10 in Poison Magic
 41332 | Elf:1    | Found Opreemiw's Distillery.
 41340 | Elf:1    | Bought a potion of curing for 54 gold pieces
 41340 | Elf:1    | Bought a potion of curing for 54 gold pieces
 41340 | Elf:1    | Bought 2 potions of heal wounds for 180 gold pieces
 41340 | Elf:1    | Bought a potion of curing for 54 gold pieces
 41340 | Elf:1    | Bought a potion of brilliance for 72 gold pieces
 41340 | Elf:1    | Bought a potion of mutation for 144 gold pieces
 41340 | Elf:1    | Found Beyfann's Assorted Antiques.
 41347 | Elf:1    | Bought a transparent crystal amulet for 130 gold pieces
 41347 | Elf:1    | Identified the amulet "Zyragim" {Acrobat Harm rC+ Will+
                  | Str+5} (You bought it in a shop on level 1 of the Elven
                  | Halls)
 41487 | Elf:2    | Noticed a deep elf blademaster
 41487 | Elf:2    | Noticed a deep elf blademaster
 41488 | Elf:2    | Noticed a deep elf blademaster
 41488 | Elf:2    | Noticed Onnujuk's ghost (veteran MiBe)
 41490 | Elf:2    | Found a transporter.
 41496 | Elf:2    | Found a bloodstained altar of Trog.
 41496 | Elf:2    | Noticed a deep elf blademaster
 41497 | Elf:2    | Noticed a deep elf blademaster
 41531 | Elf:2    | Found a transporter.
 41789 | Elf:2    | Found Esets's General Store.
 41790 | Elf:2    | Found Gageruf's Assorted Antiques.
 42171 | Elf:2    | Found a runed translucent gate.
 42171 | Elf:2    | Found a runed translucent gate.
 42171 | Elf:2    | Found a runed translucent gate.
 42285 | Elf:2    | Noticed Asterion
 42301 | Elf:2    | Killed Asterion
 42302 | Elf:2    | Reached skill level 13 in Maces & Flails
 42464 | Elf:2    | Noticed Roxanne
 42583 | Elf:2    | Killed Roxanne
 42600 | Elf:2    | Learned a level 6 spell: Statue Form
 42773 | Elf:2    | Found Moal's General Store.
 42957 | Elf:3    | Entered Level 3 of the Elven Halls
 43113 | Elf:3    | Found an ancient bone altar of Kikubaaqudgha.
 43526 | Elf:3    | Learned a level 5 spell: Lee's Rapid Deconstruction
 44913 | Elf:3    | Reached XP level 18. HP: 114/143 MP: 19/35
 45404 | Elf:3    | Identified the ring of Zuly {AC+4 Str+5}
 45573 | Elf:3    | Identified the ring of Sonahedda {rPois AC+4}
 45714 | Elf:3    | Identified the ring of Ruxaig {Str+6 Int+5 Dex+3 SInv}
 46158 | Elf:3    | Identified the +10 dagger "Axting" {freeze, rF+}
 46158 | Elf:3    | Identified the ring "Zeigon" {rF+ Int+3}
 46408 | Elf:3    | Identified the ring "Fef Saeb" {Drain Fly rCorr Dex+6}
 46453 | Elf:3    | Noticed a deep elf blademaster
 46459 | Elf:3    | Killed a deep elf blademaster
 46462 | Elf:3    | Noticed a deep elf blademaster
 46472 | Elf:3    | Killed a deep elf blademaster
 46655 | Elf:3    | Noticed a deep elf blademaster
 46671 | Elf:3    | Killed a deep elf blademaster
 46747 | Elf:3    | Noticed a deep elf master archer
 46751 | Elf:3    | Killed a deep elf master archer
 46810 | Elf:3    | Noticed a deep elf master archer
 46813 | Elf:3    | Killed a deep elf master archer
 47104 | Elf:3    | Found the +6 lightning scales {swift, rElec}
 47118 | Elf:3    | Identified the staff of the Scorpion {rC+ Dex+2 SInv Stlth-
                  | Ice}
 49247 | Elf:2    | Noticed Saint Roka
 49249 | Elf:2    | Noticed Agnes
 49798 | Elf:2    | Killed Agnes
 49833 | Elf:2    | Killed Saint Roka
 49834 | Elf:2    | Reached skill level 14 in Maces & Flails
 51266 | Lair:3   | Killed liarliar's ghost
 51573 | D:5      | Killed IYTBazzie's ghost
 51953 | Spider:1 | Entered Level 1 of the Spider Nest
 52306 | Spider:1 | You are sucked into a shaft and drop 1 floor!
 52549 | Spider:2 | Reached XP level 19. HP: 151/151 MP: 27/37
 55867 | Spider:3 | Noticed Mara
 55892 | Spider:3 | Noticed olmar's illusion
 55895 | Spider:3 | Killed Mara
 56865 | Spider:4 | Entered Level 4 of the Spider Nest
 57676 | Spider:3 | Reached skill level 15 in Maces & Flails
 57943 | Spider:3 | HP: 11/228 [poisoned by an emperor scorpion]
 57944 | Spider:3 | HP: 5/152 [poisoned by an emperor scorpion]
 58061 | Spider:3 | Upgraded the game from 0.31-a0-182-gc5ef74bbde to
                  | 0.31-a0-187-gba352fbbf7
 59384 | Spider:4 | Reached skill level 15 in Invocations
 59521 | Spider:3 | Bought the ring "Xisainga" {rPois rC++ Will+ Slay+4} for
                  | 1954 gold pieces
 59521 | Spider:3 | Bought an amulet of the acrobat for 540 gold pieces
 60246 | Spider:4 | Got a gossamer rune of Zot
 60889 | Shoals:1 | Entered Level 1 of the Shoals
 60904 | Shoals:1 | Learned a level 5 spell: Fireball
 61217 | Shoals:1 | Reached XP level 20. HP: 160/160 MP: 14/38
 62277 | Shoals:2 | Noticed Donald
 62285 | Shoals:2 | Killed Donald
 62449 | Shoals:2 | Found a transporter.
 62677 | Shoals:2 | Found Sitia's General Store.
 62798 | Shoals:2 | Found Feannil's Jewellery Emporium.
 62811 | Shoals:2 | Found Kiuzied's Weapon Emporium.
 62849 | Shoals:2 | Found Codas's Book Emporium.
 62911 | Shoals:2 | Found a transporter.
 63244 | Shoals:3 | Found a stormy altar of Qazlal.
 63473 | Shoals:3 | Found Reimnur's Overcharged Wands.
 63475 | Shoals:3 | Identified the +10 glaive of Acevem {heavy, *Rage Int+2
                  | Dex+3 SInv}
 63738 | Shoals:3 | Found an ancient bone altar of Kikubaaqudgha.
 64197 | Shoals:3 | Reached skill level 16 in Maces & Flails
 64697 | Shoals:4 | Entered Level 4 of the Shoals
 64723 | Shoals:4 | Reached skill level 15 in Spellcasting
 65638 | Shoals:4 | Reached skill level 15 in Fighting
 65638 | Shoals:4 | Reached skill level 15 in Dodging
 66007 | Shoals:4 | Identified the +4 quarterstaff "Arcanum" {venom, rElec rC+}
 66487 | Shoals:4 | Got a barnacled rune of Zot
 67060 | Slime:1  | Entered Level 1 of the Pits of Slime
 67102 | Slime:1  | Paralysed by a formless jellyfish for 1 turns
 67398 | Slime:1  | Paralysed by a formless jellyfish for 1 turns
 68330 | Slime:3  | Reached XP level 21. HP: 168/168 MP: 15/40
 68749 | Slime:3  | Gained mutation: You occasionally lose the ability to read
                  | scrolls when taking damage. [a shining eye]
 68753 | Slime:3  | Paralysed by a floating eye for 3 turns
 69795 | Slime:5  | Entered Level 5 of the Pits of Slime
 69810 | Slime:5  | Reached skill level 17 in Maces & Flails
 70174 | Slime:5  | Reached skill level 15 in Throwing
 70174 | Slime:5  | Reached skill level 15 in Armour
 71266 | Slime:5  | Found a viscous altar of Jiyva.
 71721 | Slime:5  | Gained mutation: You are dopey. (Int -2) [a shining eye]
 71722 | Slime:5  | Gained mutation: You are very dopey. (Int -4) [a shining
                  | eye]
 71725 | Slime:5  | Gained mutation: You sometimes lose the ability to read
                  | scrolls when taking damage. [a shining eye]
 72194 | Slime:5  | Noticed the Royal Jelly
 72224 | Slime:5  | Killed the Royal Jelly
 72258 | Slime:5  | Reached skill level 15 in Short Blades
 72258 | Slime:5  | Reached skill level 15 in Long Blades
 72258 | Slime:5  | Reached skill level 15 in Axes
 72258 | Slime:5  | Reached skill level 15 in Polearms
 72258 | Slime:5  | Reached skill level 15 in Staves
 72258 | Slime:5  | Reached skill level 15 in Ranged Weapons
 72258 | Slime:5  | Reached skill level 15 in Stealth
 72258 | Slime:5  | Reached skill level 15 in Shields
 72258 | Slime:5  | Reached skill level 15 in Unarmed Combat
 72258 | Slime:5  | Reached skill level 15 in Evocations
 72277 | Slime:5  | Identified the +5 hand axe of Noxious Punishment {freeze,
                  | rF+ Int-4 Dex+9}
 72470 | Slime:5  | Got a slimy rune of Zot
 72500 | Slime:5  | Identified the amulet of Accord {Faith rElec rC+}
 72916 | Depths:1 | Entered Level 1 of the Depths
 74275 | Depths:1 | Reached XP level 22. HP: 167/177 MP: 11/42
 74612 | Depths:1 | Reached skill level 18 in Maces & Flails
 74656 | Depths:1 | Found Obitijub's Magic Scroll Boutique.
 74805 | Depths:1 | Found an ornate altar of the Wu Jian Council.
 77079 | Depths:1 | Lost mutation: You are very dopey. (Int -4) [potion of
                  | mutation]
 77079 | Depths:1 | Lost mutation: You sometimes lose the ability to read
                  | scrolls when taking damage. [potion of mutation]
 77079 | Depths:1 | Lost mutation: You are clumsy. (Dex -2) [potion of
                  | mutation]
 77079 | Depths:1 | Gained mutation: Your flesh is cold resistant. (rC+)
                  | [potion of mutation]
 77079 | Depths:1 | Gained mutation: You are agile. (Dex +4, Str/Int -1)
                  | [potion of mutation]
 77231 | Depths:2 | Learned a level 5 spell: Iskenderun's Battlesphere
 77339 | Depths:2 | Noticed a royal mummy
 77360 | Depths:2 | Killed a royal mummy
 77512 | Depths:2 | Noticed a royal mummy
 77524 | Depths:2 | Killed a royal mummy
 77985 | Depths:2 | Found a hide-covered altar of Uskayaw.
 78116 | Depths:2 | Noticed a royal mummy
 78125 | Depths:2 | Killed a royal mummy
 78349 | Depths:2 | Found the +7 sceptre of Torment {pain, torment}
 78389 | Depths:2 | Found Serim's Armour Shoppe.
 78394 | Depths:2 | Found Icoseer's Book Shoppe.
 78484 | Depths:2 | Found a one-way gate to the infinite horrors of the Abyss.
 78542 | Depths:2 | Found an ancient bone altar of Kikubaaqudgha.
 78555 | Depths:2 | Noticed a dread lich
 78761 | Depths:2 | Voluntarily entered the Abyss.
 78765 | Abyss:1  | Found a corrupted altar of Lugonu.
 78793 | Abyss:1  | Found a corrupted altar of Lugonu.
 78880 | Abyss:1  | Found a corrupted altar of Lugonu.
 78915 | Abyss:1  | Found a corrupted altar of Lugonu.
 78915 | Abyss:1  | Found a corrupted altar of Lugonu.
 78933 | Abyss:1  | Found a corrupted altar of Lugonu.
 79429 | Abyss:1  | Paralysed by accursed screaming for 1 turns
 79610 | Abyss:2  | Paralysed by accursed screaming for 1 turns
 79921 | Abyss:2  | Paralysed by an air elemental for 1 turns
 79930 | Abyss:2  | Reached XP level 23. HP: 147/166 MP: 10/43
 79965 | Depths:2 | Escaped the Abyss
 79993 | Depths:2 | Found a one-way gateway to a ziggurat.
 80454 | Depths:3 | Reached skill level 19 in Maces & Flails
 81930 | Depths:3 | Found a bloodstained altar of Trog.
 83431 | Depths:3 | Identified the +5 giant club of the Dungeon {freeze, *Noise
                  | Fly Will++ Dex+3}
 83431 | Depths:3 | Identified the +7 giant club of Quiescent Prudence {heavy,
                  | rC+ Int+4}
 83438 | Depths:3 | Noticed the Enchantress
 83452 | Depths:3 | Killed the Enchantress
 83634 | Depths:3 | Identified the +3 hand axe of Conformity {elec, Str+7}
 83636 | Depths:3 | Identified the +0 crystal plate armour of Omission {Will+}
 84464 | Depths:4 | Entered Level 4 of the Depths
 85677 | Depths:4 | Found a gate to the Realm of Zot.
 86179 | Depths:4 | Noticed a golden dragon
 86325 | Depths:4 | Killed a golden dragon
 86675 | Depths:4 | Reached skill level 15 in Translocations
 87414 | Depths:4 | Noticed a caustic shrike
 87415 | Depths:4 | Noticed a caustic shrike
 87416 | Depths:4 | Noticed a caustic shrike
 87424 | Depths:4 | Noticed a caustic shrike
 87425 | Depths:4 | Killed a caustic shrike
 87436 | Depths:4 | Killed a caustic shrike
 87448 | Depths:4 | Killed a caustic shrike
 87596 | Depths:4 | Killed a caustic shrike
 88009 | Vaults:1 | Entered Level 1 of the Vaults
 88024 | Vaults:1 | Reached XP level 24. HP: 112/188 MP: 37/44
 88202 | Vaults:1 | Found Afupt's Assorted Antiques.
 88206 | Vaults:1 | Reached skill level 20 in Maces & Flails
 88319 | Vaults:1 | Bought a potion of curing for 84 gold pieces
 88319 | Vaults:1 | Bought a spiked leather armour for 196 gold pieces
 88319 | Vaults:1 | Identified the +0 leather armour of Weightlessness {rN+}
                  | (You bought it in a shop on level 1 of the Vaults)
 88395 | Vaults:1 | Found Kalastiu's Antique Armour Emporium.
 88548 | Vaults:1 | Found Jicahiu's Antique Armour Shop.
 88713 | Vaults:1 | Found Nourrus's Book Emporium.
 92532 | Vaults:2 | Identified the +5 quarterstaff of the Penguin {flame,
                  | *Corrode rN++ Dex+2 SInv}
 93432 | Vaults:2 | Found Mifuahom's Antique Weapon Shop.
 93544 | Vaults:2 | Found Ceor's Antique Weapon Boutique.
 94546 | Vaults:3 | Reached skill level 21 in Maces & Flails
 94736 | Vaults:3 | Reached XP level 25. HP: 203/204 MP: 39/44
 96104 | Vaults:3 | Found Cesu Pagg's Book Shoppe.
 96914 | Vaults:3 | Found a staircase to the Crypt.
 97036 | Vaults:3 | Noticed Margery
 97049 | Vaults:3 | Killed Margery
 97750 | Vaults:4 | Found a crumbling gateway.
 97769 | Desolati | Entered the Desolation of Salt
 98351 | Desolati | Reached skill level 15 in Conjurations
 98351 | Desolati | Reached skill level 15 in Hexes
 98351 | Desolati | Reached skill level 15 in Summonings
 98351 | Desolati | Reached skill level 15 in Necromancy
 98351 | Desolati | Reached skill level 15 in Transmutations
 98351 | Desolati | Reached skill level 15 in Fire Magic
 98351 | Desolati | Reached skill level 15 in Ice Magic
 98351 | Desolati | Reached skill level 15 in Air Magic
 98351 | Desolati | Reached skill level 15 in Earth Magic
 98351 | Desolati | Reached skill level 15 in Poison Magic
 98574 | Desolati | Identified the +0 ring mail "Eraarez" {*Slow Str+5 Slay+3
                  | Stlth+}
 99057 | Desolati | Identified the +13 plate armour of the Barnacled God
                  | {rElec}
 99074 | Desolati | Identified the ring of the Illusory Villages {rElec rC+
                  | Str+6 Dex+4}
 99076 | Desolati | Identified the ring of Pelauf {rElec rF+ Will+ rCorr}
 99457 | Desolati | Identified the +6 flail "Jegepeos" {venom, rPois rN++ Str-5
                  | Dex+2}
 99465 | Desolati | Got the Spellbook of Creation
 99725 | Vaults:4 | Bought a shimmering helmet for 370 gold pieces
 99725 | Vaults:4 | Identified the +3 helmet of Narcissism {Str-5 Dex+3} (You
                  | bought it in a shop on level 4 of the Vaults)
 99725 | Vaults:4 | Bought the +0 pair of fencer's gloves {Riposte Dex+3} for
                  | 1560 gold pieces
 99725 | Vaults:4 | Found the +0 pair of fencer's gloves {Riposte Dex+3}
 99737 | Vaults:4 | Bought an encrusted staff for 468 gold pieces
 99737 | Vaults:4 | Identified the staff "Iraygag" {rF+ SInv Fire} (You bought
                  | it in a shop on level 4 of the Vaults)
 99879 | Vaults:4 | Found Amoxopt's Armour Emporium.
100567 | Vaults:4 | Identified the +4 plate armour "Ziysarch" {rC+ Will+}
100932 | Vaults:5 | Entered Level 5 of the Vaults
100943 | Vaults:5 | Reached skill level 22 in Maces & Flails
100947 | Vaults:5 | Reached XP level 26. HP: 177/215 MP: 14/45
101173 | Vaults:4 | Learned a level 6 spell: Starburst
101277 | Vaults:5 | Noticed Mennas
101354 | Vaults:5 | Identified the +3 dire flail of Past Mistakes {protect,
                  | rElec rF+ rCorr}
101635 | Vaults:5 | Identified the ring of Eczibbun {rF+ Will- Int+3 Dex+6
                  | SInv}
102490 | Vaults:5 | Killed Mennas
103075 | Vaults:5 | Identified the amulet "Kel Poef" {Acrobat Contam rC+ Will+
                  | Int+4}
103277 | Vaults:5 | Got a silver rune of Zot
103280 | Vaults:5 | Got the Incunabulum of Smouldering Production
103623 | Vaults:5 | Identified the staff "Utsase" {rPois rC++ Fire Poison}
103625 | Vaults:5 | Identified the +1 shortbow of Fasy {drain, Will++}
104225 | Hell     | Entered the Vestibule of Hell
104226 | Hell     | Noticed Geryon
104247 | Hell     | Killed Geryon
104505 | Depths:1 | Upgraded the game from 0.31-a0-187-gba352fbbf7 to
                  | 0.31-a0-188-g5e087ee2ca
104599 | Zot:1    | Entered Level 1 of the Realm of Zot
104599 | Zot:1    | Noticed a Killer Klown
104599 | Zot:1    | Noticed a dread lich
104600 | Zot:1    | Noticed a Killer Klown
104601 | Zot:1    | Noticed a Killer Klown
104607 | Zot:1    | Killed from afar by a blizzard demon

Illustrated notes

Levels and vault maps discovered:
D:1:      erik_arrival_orb_chamber, layout_basic
D:2:      layout_basic, serial_shops, shop, minmay_crystal_room
D:3:      layout_basic, mainiacjoe_overflow_boulevard,
          mainiacjoe_overflow_chevrons
D:4:      layout_cave_pools, serial_bayou, serial_bayou_lagoon_b,
          serial_bayou_shore_a, serial_bayou_pond_d, serial_bayou_lagoon_a,
          kennysheep_generic_room_15
D:5:      layout_basic, lemuel_tele_altar, temple_statues, serial_shops,
          nicolae_shop_rolling_square, ebering_ghost_sewer_f,
          kennysheep_generic_room_11
D:6:      layout_loops_cross, grunt_temple_overflow_gold_and_silver,
          gup_sewer_entry_pipe, uniq_sigmund
D:7:      layout_cave_pods
D:8:      layout_cave_pools
D:9:      layout_long_grid, trog_book, grunt_lair_entry_orc_guard_hut
D:10:     layout_basic, fedhas_bush_and_centaur_altar,
          mainiacjoe_overflow_big_doors, enter_bailey_2
D:11:     layout_irregular_city, orc_0_dummy, uniq_urug, uniq_fannar, uniq_lodul
D:12:     layout_cave_pools
D:13:     layout_loops_cross, minivault_26, minmay_statues_item,
          serial_bayou_lake_a
D:14:     layout_basic, david_vaults_4, palyth_stone_intersect, uniq_frances
D:15:     gammafunk_enter_depths_forms, layout_basic,
          portal_ice_cave_entry_pillars_four, grunt_qazlal_clouds
Temple:   cyrus_circular_temple
Lair:1:   gammafunk_boulding_lane, layout_small_grid, st_stairs_11,
          lemuel_fruit_fields
Lair:2:   layout_hall_layers, spider_nest_entry_funnel_web,
          infiniplex_staircase_pool_2, lemuel_fruit_fields
Lair:3:   layout_big_grid, nicolae_shoals_entry_roost, gammafunk_ghost_arena,
          uniq_snorg
Lair:4:   nzn_winding_woodlands_stair_cross [nzn_winding_woodlands_5x15_crooked,
          nzn_winding_woodlands_center_pierced_h,
          nzn_winding_woodlands_5x15_split_checker,
          nzn_winding_woodlands_5x5_closed_star,
          nzn_winding_woodlands_5x5_default, nzn_winding_woodlands_5x15_cabin,
          nzn_winding_woodlands_center_diamonds,
          nzn_winding_woodlands_5x15_garden], layout_misc_corridors, basic_altar
Lair:5:   evil_forest, layout_long_grid, minmay_slime_entry_pillars,
          disabler_island, lemuel_fruit_tree
Shoals:1: layout_shoals, nicolae_shoals_loop_pool
Shoals:2: gammafunk_sealed_arena, layout_shoals, serial_shops,
          nicolae_shop_statue_plus, shop, nicolae_shop_just_a_little_nook, shop,
          uniq_donald
Shoals:3: layout_shoals, hangedman_feature_mirror,
          nicolae_shop_overcharged_wands
Shoals:4: shoals_end_grunt_ice, layout_shoals
Spider:1: layout_cave_pods, gammafunk_ghost_arena,
          nicolae_spider_nooks_and_crannies
Spider:2: layout_spider_delve
Spider:3: layout_spider_delve, uniq_mara
Spider:4: grunt_spider_rune_circles
Slime:1:  layout_caves
Slime:2:  layout_caves, nicolae_slime_barrier
Slime:3:  layout_caves, nicolae_slime_getting_an_eyeful
Slime:4:  layout_caves
Slime:5
Orc:1:    layout_caves, lemuel_statue_altar
Orc:2:    pf_orc_diabolical, layout_caves, uniq_rupert
Elf:1:    eino_elf_arrival_sip, layout_rooms, serial_corexii_hall,
          corexii_hall_statues_s, corexii_hall_statues_i,
          hangedman_corner_corridor, grunt_megastairs_4, minmay_shoptagon
Elf:2:    nicolae_elf_blades_splatter_lattice [mumra_blade_entry_dagger],
          layout_geoelf_octagon, serial_shops, shop, shop,
          nicolae_shop_rolling_square, gammafunk_ghost_wrathful_warriors,
          grunt_ministairs_14, minmay_fountain_box, statue_in_the_mist_lemuel,
          uniq_roxanne, uniq_saint_roka, uniq_asterion, uniq_agnes
Elf:3:    minmay_elf_hall_statues, layout_gridlike, basic_altar,
          grunt_megastairs_2
Vaults:1: ontoclasm_vaults_claustrophobia, vaults_room_semicircle,
          nicolae_vaults_specimen_jars, vaults_mumra_hex,
          nicolae_vaults_diagonal_hallway_7, v_pattern_5,
          nicolae_vaults_library_corner, nicolae_vaults_border_crossing,
          hangedman_vaults_nails, nicolae_vaults_asterisk,
          ontoclasm_vaults_loading_screen, serial_ice_m,
          vaults_room_ringed_pool, v_misc_22, layout_vaults_omnibox,
          serial_shops, nicolae_shop_back_alley_shop, shop,
          nicolae_shop_statue_plus, nicolae_shop_pleasant_corner_grove
Vaults:2: v_misc_10, nicolae_vaults_mush_room, vaults_mumra_minichess,
          hangedman_vaults_stagger, grunt_vaults_swirl, v_misc_11,
          nicolae_vaults_steering_wheel, vaults_room_pools, vaults_dpeg_ring,
          layout_vaults_ring, serial_shops, nicolae_shop_trees, shop
Vaults:3: nicolae_vaults_rhombus_7, v_alt_pattern_5, v_misc_13,
          nicolae_vaults_network_barrier, nicolae_vaults_trapezoid_4,
          v_alt_pattern_1, blue_anna_dwarven_crypt, nicolae_vaults_heist,
          nicolae_vaults_ring_of_whatevers, nicolae_vaults_rhombus_7,
          nicolae_vaults_security_offices_2, layout_vaults_chaotic_city,
          serial_shops, shop, uniq_margery
Vaults:4: portal_desolation_entry_nicolae_slug,
          nicolae_vaults_storage_closets_1, nicolae_vaults_trapezoid_lopsided_2,
          st_hourglassy, nicolae_vaults_lightning_bolt, hangedman_vaults_maws,
          ontoclasm_vaults_tryst, vaults_room_mumra_shop_pool,
          nicolae_vaults_trapezoid_lopsided_3,
          nicolae_vaults_diagonal_hallway_6, hangedman_vaults_restitches,
          layout_vaults_maze_snakey
Vaults:5: uniq_mennas
Depths:1: grunt_house_of_mirrors, layout_gridlike, serial_bayou,
          serial_bayou_pond_e, serial_bayou_pond_c, serial_bayou_pond_e,
          serial_bayou_crossing, hell_entry, serial_shops,
          nicolae_shop_just_a_little_nook, skrybe_limestone_x,
          minmay_misc_feat_secret_circle, nzn_wu_jian_council_hall
Depths:2: minmay_guarded_unrand_sceptre_of_torment, layout_cave_shapes,
          enter_ziggurat_c, nicolae_uskayaw_murder_on_the_dancefloor, pan_entry,
          abyss_entry, hell_entry, lemuel_zombie_altar_kikubaaqudgha,
          minmay_shop_star
Depths:3: spriggan_forest, hell_entry, pan_entry, abyss_entry
Depths:4: evilmike_zot_entry_diamond, layout_gridlike, patterned_corridor,
          grunt_hell_entry_dis_old
Hell
Zot:1:    ebering_klown_carousel, layout_misc_corridors

Skill      XL: |  1  2  3  4  5  6  7  8  9 10 11 12 13 14 15 16 17 18 19 20 21 22 23 24 25 26 |
---------------+-------------------------------------------------------------------------------+-----
Spellcasting   | 5 6 7 8 9 10 11 12 13 14 15 16 17 18 19 | 19.0
Invocations    | 1 2 3 4 5 6 7 8 10 11 12 13 14 15 16 17 18 19 20 | 20.0
Short Blades   | 1 2 3 4 5 6 7 8 9 10 11 12 13 14 15 16 17 18 | 18.5
Long Blades    | 1 2 3 4 5 6 7 8 9 10 11 12 13 14 15 16 17 18 | 18.5
Axes           | 1 2 3 4 5 6 7 8 9 10 11 12 13 14 15 16 17 18 | 18.5
Polearms       | 1 2 3 4 5 6 7 8 9 10 11 12 13 14 15 16 17 18 | 18.5
Staves         | 1 2 3 4 5 6 7 8 9 10 11 12 13 14 15 16 17 18 | 18.5
Ranged Weapons | 1 2 3 4 5 6 7 8 9 10 11 12 13 14 15 16 17 18 | 18.5
Stealth        | 1 2 3 4 5 6 7 8 9 10 11 12 13 14 15 16 17 18 | 18.5
Shields        | 1 2 3 4 5 6 7 8 9 10 11 12 13 14 15 16 17 18 | 18.5
Unarmed Combat | 1 2 3 4 5 6 7 8 9 10 11 12 13 14 15 16 17 18 | 18.5
Evocations     | 1 2 3 4 5 6 7 8 9 10 11 12 13 14 15 16 17 18 19 | 19.9
Conjurations   | 1 2 3 4 5 6 7 8 9 10 11 12 13 14 15 | 15.7
Hexes          | 1 2 3 4 5 6 7 8 9 10 11 12 13 14 15 | 15.7
Summonings     | 1 2 3 4 5 6 7 8 9 10 11 12 13 14 15 | 15.7
Necromancy     | 1 2 3 4 5 6 7 8 9 10 11 12 13 14 15 | 15.7
Transmutations | 1 2 3 4 5 6 7 8 9 10 11 12 13 14 15 | 15.7
Fire Magic     | 1 2 3 4 5 6 7 8 9 10 11 12 13 14 15 | 15.7
Ice Magic      | 1 2 3 4 5 6 7 8 9 10 11 12 13 14 15 | 15.7
Air Magic      | 1 2 3 4 5 6 7 8 9 10 11 12 13 14 15 | 15.7
Earth Magic    | 1 2 3 4 5 6 7 8 9 10 11 12 13 14 15 | 15.7
Poison Magic   | 1 2 3 4 5 6 7 8 9 10 11 12 13 14 15 | 15.7
Throwing       | 3 4 5 6 7 8 9 10 11 12 13 14 15 16 17 18 | 18.6
Armour         | 3 4 5 6 7 8 9 10 11 12 13 14 15 16 17 18 | 18.6
Fighting       | 5 6 7 8 9 10 11 12 13 14 15 16 17 18 19 20 | 20.2
Maces & Flails | 5 6 7 8 9 10 11 12 13 14 15 16 17 18 19 21 22 | 22.8
Dodging        | 5 6 7 8 9 10 11 12 13 14 15 16 17 18 19 | 19.0
Translocations | 6 7 8 9 10 11 12 13 14 15 16 | 16.6

Action                     |  1- 3 |  4- 6 |  7- 9 | 10-12 | 13-15 | 16-18 | 19-21 | 22-24 | 25-27 || total
---------------------------+-------+-------+-------+-------+-------+-------+-------+-------+-------++-------
  Melee: Mace              |    67 |    88 |       |       |       |       |       |       |       ||   155
         Bite              |     2 |    19 |    28 |   145 |   225 |    65 |   241 |   243 |   197 ||  1165
         Staff             |       |    11 |       |       |  1901 |   637 |  1376 |  1375 |  1191 ||  6491
         Dagger            |       |    63 |   214 |   446 |    18 |       |       |       |       ||   741
         Punch             |       |     1 |     8 |     7 |       |       |       |       |       ||    16
         Hand axe          |       |       |       |   743 |    27 |       |       |       |       ||   770
   Fire: Sling             |       |    10 |       |       |       |       |       |       |       ||    10
  Throw: Stone             |       |    21 |       |    10 |    63 |       |       |       |       ||    94
         Boomerang         |       |       |    38 |    39 |     6 |    16 |    22 |   132 |       ||   253
         Dart              |       |       |     1 |    55 |    32 |    86 |    44 |    13 |     8 ||   239
         Javelin           |       |       |       |       |    10 |       |       |       |     3 ||    13
   Cast: Blink             |     1 |       |     2 |    37 |    40 |     9 |    22 |    14 |     1 ||   126
         Vhi's Electric Ch |       |     5 |     1 |    19 |    10 |     3 |     2 |       |       ||    40
         Gell's Gravitas   |       |     5 |    14 |   107 |    26 |     1 |     3 |       |       ||   156
         Manifold Assault  |       |       |       |    13 |   297 |   114 |   106 |   141 |   155 ||   826
         Dazzling Flash    |       |       |       |     1 |    10 |     1 |       |     1 |     1 ||    14
         Freezing Cloud    |       |       |       |       |    66 |   102 |   141 |   150 |    59 ||   518
         Fulminant Prism   |       |       |       |       |    10 |    46 |     1 |       |     2 ||    59
         Lee's Rapid Decon |       |       |       |       |       |   181 |    93 |   197 |    24 ||   495
         Statue Form       |       |       |       |       |       |     1 |     1 |       |       ||     2
         Fireball          |       |       |       |       |       |       |   121 |    56 |     2 ||   179
         Iskenderun's Batt |       |       |       |       |       |       |       |     8 |     3 ||    11
         Starburst         |       |       |       |       |       |       |       |       |    16 ||    16
 Invoke: Potion Petition   |       |       |       |     1 |     5 |     1 |     5 |     3 |     2 ||    17
         Call Merchant     |       |       |       |     1 |     1 |       |     1 |       |     2 ||     5
  Evoke: Wand              |       |       |       |    30 |     2 |     2 |    24 |     3 |     6 ||    67
         Phial of floods   |       |       |       |     1 |     3 |     1 |     2 |     1 |     1 ||     9
         Box of beasts     |       |       |       |       |     1 |     4 |     3 |     1 |     1 ||    10
    Use: Scroll            |     1 |     5 |     9 |    14 |     6 |     3 |     5 |     3 |     8 ||    54
         Potion            |     1 |       |     1 |    10 |     3 |    10 |     9 |    13 |    12 ||    59
   Stab: Sleeping          |       |       |     2 |     7 |     8 |     4 |     7 |     5 |     8 ||    41
         Invisible         |       |       |       |     5 |     6 |       |       |       |       ||    11
         Distracted        |       |       |       |     2 |     8 |     5 |    22 |    21 |    17 ||    75
 Armour: Leather armour    |    21 |    51 |    60 |   333 |   229 |    92 |   206 |   139 |    72 ||  1203
         Skin              |       |       |       |       |       |       |     1 |       |       ||     1
  Dodge: Dodged            |    31 |    96 |   124 |   742 |   719 |   248 |   771 |   564 |   383 ||  3678
  Block: Buckler           |       |       |       |   648 |   683 |   159 |   149 |       |       ||  1639
         Reflection        |       |       |       |     7 |     8 |     9 |    23 |    47 |    36 ||   130
         Kite shield       |       |       |       |       |       |       |   414 |   609 |   596 ||  1619
Riposte: Staff             |       |       |       |       |       |       |       |       |   109 ||   109

Table legend: (Time is in decaauts)
 A = Elapsed time spent in this place.
 B = Non-inter-level travel time spent in this place.
 C = Inter-level travel time spent in this place.
 D = Time resting spent in this place.
 E = Time spent auto-exploring this place.
 F = Levels seen in this place.
 G = Mean time per level.
                   A        B        C        D        E       F      G
               +--------+--------+--------+--------+--------+-----+--------+
         Total | 102792 |  97963 |   4829 |  46959 |  33102 |  55 | 1868.9 |
       Dungeon |  20598 |  18403 |   2195 |   5029 |   9021 |  15 | 1373.2 |
        Temple |     39 |     39 |      0 |      0 |      0 |   1 |   39.0 |
          Lair |  13777 |  13209 |    568 |   7073 |   3265 |   5 | 2755.4 |
        Shoals |   6029 |   5842 |    187 |   1799 |   3211 |   4 | 1507.2 |
   Spider Nest |   8749 |   8316 |    433 |   5054 |   2315 |   4 | 2187.2 |
    Slime Pits |   5455 |   5319 |    136 |   3010 |   1217 |   5 | 1091.0 |
  Orcish Mines |   3939 |   3767 |    172 |   1690 |   1337 |   2 | 1969.5 |
   Elven Halls |  12250 |  11939 |    311 |   7734 |   2719 |   3 | 4083.3 |
        Vaults |  13772 |  13368 |    404 |   6510 |   4899 |   5 | 2754.4 |
        Depths |  13705 |  13287 |    418 |   7674 |   3795 |   4 | 3426.2 |
          Hell |     18 |     18 |      0 |      0 |      0 |   1 |   18.0 |
           Zot |      9 |      9 |      0 |      0 |      0 |   1 |    9.0 |
         Abyss |   1089 |   1089 |      0 |    255 |    134 |   2 |  544.5 |
         Sewer |    133 |    133 |      0 |      0 |     83 |   1 |  133.0 |
        Bailey |   1376 |   1376 |      0 |    358 |    519 |   1 | 1376.0 |
    Desolation |   1847 |   1847 |      0 |    770 |    586 |   1 | 1847.0 |
               +--------+--------+--------+--------+--------+-----+--------+

Top non-repeatable levels by time:
   Elf:2: 4838 daAuts
   Elf:3: 4609 daAuts
  Lair:5: 4311 daAuts
Depths:1: 4288 daAuts
Depths:3: 4223 daAuts
Spider:3: 4080 daAuts
Vaults:3: 3552 daAuts
  Lair:4: 3342 daAuts
   Orc:2: 3248 daAuts
Depths:4: 3169 daAuts
Vaults:1: 2973 daAuts
Vaults:2: 2970 daAuts
   Elf:1: 2802 daAuts
    D:11: 2679 daAuts
Vaults:5: 2605 daAuts
